 Dungeon Crawl Stone Soup version 0.27.1-1-g398f81649c (webtiles) character file.

Game seed: 784084399127997078

71 speeev33 the Skirmisher (level 4, -4/40 HPs)
             Began as a Hill Orc Fighter on Sept 12, 2021.
             Killed from afar by Sigmund (7 damage)
             ... with a magic dart
             ... on level 2 of the Dungeon.
             The game lasted 00:01:53 (1629 turns).

speeev33 the Skirmisher (Hill Orc Fighter)          Turns: 1629, Time: 00:01:53

Health: -4/40      AC:  7    Str: 19    XL:     4   Next: 24%
Magic:  4/4        EV:  7    Int:  8    God:
Gold:   104        SH:  9    Dex: 10    Spells: 3/3 levels left

rFire    . . .     SeeInvis .   a - +0 war axe
rCold    . . .     Faith    .   c - +0 kite shield
rNeg     . . .     Spirit   .   b - +0 scale mail
rPois    .         Reflect  .   (no helmet)
rElec    .         Harm     .   (no cloak)
rCorr    .         Rampage  .   (no gloves)
Will     .....                  (no boots)
Stlth    ..........             (no amulet)
HPRegen  0.13/turn              (no ring)
MPRegen  0.09/turn              (no ring)

@: mighty
A: no striking features
a: no special abilities


You were on level 2 of the Dungeon.
You visited 1 branch of the dungeon, and saw 2 of its levels.

You collected 104 gold pieces.

Inventory:

Hand Weapons
 a - a +0 war axe (weapon)
Missiles
 g - 13 poisoned darts (quivered)
Armour
 b - a +0 scale mail (worn)
 c - a +0 kite shield (worn)
Potions
 e - 2 potions of curing {unknown}
 f - a potion of heal wounds {unknown}
 h - a potion of brilliance {unknown}
 i - a potion of flight {unknown}


   Skills:
 + Level 4.2 Fighting
 + Level 3.7 Axes
 + Level 3.9 Armour
 + Level 3.9 Shields


You had 3 spell levels left.
You didn't know any spells.
Your spell library contained the following spells:

 Spells                   Type           Power      Damage    Failure   Level
 Stone Arrow              Conj/Erth      0%         3d7       100%        3
 Animate Armour           Summ/Erth      0%         N/A       100%        4
 Lehudib's Crystal Spear  Conj/Erth      0%         10d2      100%        8


Dungeon Overview and Level Annotations

Branches:
Dungeon (2/15)

Altars:

Shops:
D:2 *

Annotations:
D:2 Sigmund


Message History

Sigmund shouts!
Sigmund casts a spell.
Sigmund flickers and vanishes!
Deactivating autopickup; reactivate with Ctrl-A.
Sorry, you're not good enough to have a special ability.
You feel very mighty all of a sudden.
A magic dart appears from out of thin air!
The magic dart hits you. You block something's attack.
You miss something. Something hits you.
You miss something.
You hear some strange, mumbled words.
Something tries to affect you, but you resist.
Something hits you but does no damage.
You hit something. Something hits you!
You miss something.
You hear some strange, mumbled words.
Something tries to affect you, but you resist.
You closely miss something.
You hear some strange, mumbled words.
You are confused.
You completely miss something. Something hits you but does no damage.
You bump into the rock wall.
You hear some strange, mumbled words.
A magic dart appears from out of thin air!
The magic dart hits you.
You miss something. Something hits you!
You bump into the rock wall.
Something hits you but does no damage.
You miss something.
You feel less confused. You block something's attack.
You slice something!! Something hits you!
* * * LOW HITPOINT WARNING * * *
You barely miss something. Something hits you.
* * * LOW HITPOINT WARNING * * *
You slash something!
You hear some strange, mumbled words.
A magic dart appears from out of thin air!
The magic dart hits you!
You die...

###### #..... #.####
#########.####
#.............
###########.#######.####
......{@.....# #......
.##########..# #..####
#..# #..# #..# #.†#
#########†.# #..#
#..........# #..#### #.
#.########.# #...... #.
#.# #.# #.##### #.##.##
#.#####.#####


There were no monsters in sight!

Vanquished Creatures
  3 adders (D:2)
  3 bats
  An endoplasm (D:1)
  4 giant cockroaches
  3 goblins
  7 hobgoblins
  7 jackals
  3 ball pythons
  3 frilled lizards
  2 kobolds (D:1)
  6 rats
42 creatures vanquished.

Vanquished Creatures (others)
  4 plants (D:1)
4 creatures vanquished.

Grand Total: 46 creatures vanquished

Notes
Turn   | Place    | Note
-------+----------+-------------------------------------------
     0 | D:1      | speeev33 the Hill Orc Fighter began the quest for the Orb.
     0 | D:1      | Reached XP level 1. HP: 19/19 MP: 1/1
   149 | D:1      | Reached XP level 2. HP: 27/27 MP: 2/2
   367 | D:1      | Found a faded altar of an unknown god.
   795 | D:1      | Reached skill level 4 in Fighting
   879 | D:2      | Reached XP level 3. HP: 32/33 MP: 3/3
  1450 | D:2      | Reached XP level 4. HP: 37/40 MP: 4/4
  1532 | D:2      | Found Fuxt's Assorted Antiques.
  1611 | D:2      | Noticed Sigmund
  1629 | D:2      | Killed from afar by Sigmund

Illustrated notes

Levels and vault maps discovered:
D:1:      eino_arrival_druids_welcome, layout_loops_ring,
          hellmonk_ecumenical_altar_pennies_from_heaven,
          corexii_leaking_fountain, serial_bayou_ford_a, due_unseen_surprise
D:2:      layout_loops_ring, serial_shops, shop_fountains, uniq_sigmund

Skill      XL: |  1  2 |
---------------+-------+-----
Axes           | 3 |  3.7
Fighting       | 4 |  4.2
Armour         | |  3.9
Shields        | |  3.9

Action                   |  1- 3 |  4- 6 || total
-------------------------+-------+-------++-------
Melee: War axe           |   112 |    29 ||   141
  Use: Scroll            |     2 |       ||     2
       Potion            |       |     1 ||     1
Armor: Scale mail        |    55 |    20 ||    75
Dodge: Dodged            |    44 |     5 ||    49
Block: Kite shield       |    61 |    16 ||    77
